 Dungeon Crawl Stone Soup version 0.28-a0-429-g1448048969 (webtiles) character file.

Game seed: 676283923770153346

100 Kraingore the Magician (level 4, -2/24 HPs)
             Began as a Gargoyle Hedge Wizard on Sept 3, 2021.
             Slain by a gnoll (13 damage)
             ... on level 3 of the Dungeon on Sept 10, 2021.
             The game lasted 00:13:32 (4109 turns).

Kraingore the Magician (Gargoyle Hedge Wizard)      Turns: 4109, Time: 00:13:33

Health: -2/24      AC:  5    Str: 13    XL:     4   Next: 74%
Magic:  9/10       EV: 12    Int: 16    God:
Gold:   113        SH:  0    Dex:  9    Spells: 1/11 levels left

rFire   . . .      SeeInvis .   f - +3 short sword
rCold   . . .      Faith    .   (no shield)
rNeg    + . .      Spirit   .   b - +0 robe
rPois   ∞          Reflect  .   c - +0 hat
rElec   +          Harm     .   (no cloak)
rCorr   .          Rampage  .   (no gloves)
Will    .....                   (no boots)
Stlth   ++........              (no amulet)
HPRegen 0.08/turn               (no ring)
MPRegen 0.12/turn               (no ring)

@: no status effects
A: sickness immunity, AC +3, negative energy resistance 1, electricity
resistance, torment resistance 1, petrification resistance
a: no special abilities


You were on level 3 of the Dungeon.
You visited 1 branch of the dungeon, and saw 3 of its levels.

You collected 113 gold pieces.

Inventory:

Hand Weapons
 a - a +0 dagger
 f - a +3 short sword (weapon)
Armour
 b - a +0 robe (worn)
 c - a +0 hat (worn)
Potions
 d - 2 potions of heal wounds
 e - a potion of berserk rage


   Skills:
 + Level 0.6 Short Blades
 + Level 2.1 Dodging
 + Level 2.3 Stealth
 + Level 4.1 Spellcasting
 + Level 2.3 Conjurations
 + Level 0.8 Summonings
 + Level 0.8 Translocations


You had one spell level left.
You knew the following spells:

 Your Spells              Type           Power      Damage    Failure   Level
a - Magic Dart            Conj           40%        1d5       6%          1
b - Blink                 Tloc           N/A        N/A       19%         2
c - Call Imp              Summ           6%         N/A       17%         2
d - Slow                  Hex            3%         N/A       26%         2
e - Mephitic Cloud        Conj/Pois/Air  5%         N/A       36%         3

Your spell library contained the following spells:

 Spells                   Type           Power      Damage    Failure   Level
 Conjure Flame            Conj/Fire      7%         6-21      30%         3
 Dazzling Flash           Conj/Hex       14%        N/A       30%         3
 Agony                    Necr           3%         N/A       99%         5
 Silence                  Hex/Air        1%         N/A       99%         5


Dungeon Overview and Level Annotations

Branches:
Dungeon (3/15)

Altars:

Shops:
D:1 *


Innate Abilities, Weirdness & Mutations

You are immune to sickness and miasma.
Your stone body is resilient. (AC +3)
You are immune to poison.
You resist negative energy. (rN+)
You are resistant to electric shocks. (rElec)
You are resistant to unholy torment.
You are immune to petrification.


Message History

A gnoll opens the door.
The magic dart hits the gnoll.
The gnoll is moderately wounded.
The magic dart hits the orc.
The orc is severely wounded.
The gnoll closely misses you. The orc closely misses you.
Your crimson imp hits the gnoll.
The magic dart hits the orc.
You kill the orc!
The gnoll closely misses your crimson imp.
The gnoll hits your crimson imp with a +0 halberd!
Your crimson imp barely misses the gnoll.
The magic dart hits the gnoll.
The gnoll is almost dead.
The gnoll hits your crimson imp with a +0 flail.
The gnoll hits you from afar with a +0 halberd.
Your crimson imp hits the gnoll.
You are too injured to fight recklessly!
You are too injured to fight recklessly!
You are too injured to fight recklessly!
You are too injured to fight recklessly!
You are too injured to fight recklessly!
You are too injured to fight recklessly!
You close the door, pushing everything out of the way.
A gnoll opens the door.
Your crimson imp blinks!
The gnoll barely misses you. The gnoll closely misses you.
There is a stone staircase leading down here.
You hit the gnoll.
The gnoll is heavily wounded.
The gnoll hits you with a +0 flail.
You hit the gnoll.
The gnoll is almost dead.
The gnoll barely misses you.
You hit the gnoll.
You kill the gnoll!
The gnoll hits you from afar with a +0 halberd!
Ouch! That really hurt!
You die...

######### #.g)@...#
#.#####.# #########
#.# #.# #.......#
#.#####.###.#####.#
#.#...........###.#
#g#.###.###.#.##..###
#.......# #..........
##...#### ####.....#.
####...#### ##...##.


You could see a gnoll.

Vanquished Creatures
  3 adders
  2 gnolls (D:3)
  An orc (D:3)
  2 ball pythons (D:1)
  7 endoplasms
  3 giant cockroaches
  3 goblins (D:1)
  10 hobgoblins
  4 jackals (D:2)
  4 kobolds
  2 quokkas (D:1)
  11 bats
  3 frilled lizards
  2 rats
57 creatures vanquished.

Vanquished Creatures (collateral kills)
  A jackal (D:2)
  A ball python (D:2)
2 creatures vanquished.

Vanquished Creatures (others)
  3 plants (D:1)
  3 withered plants (D:1)
6 creatures vanquished.

Grand Total: 65 creatures vanquished

Notes
Turn   | Place    | Note
-------+----------+-------------------------------------------
     0 | D:1      | Kraingore the Gargoyle Hedge Wizard began the quest for the
                  | Orb.
     0 | D:1      | Reached XP level 1. HP: 10/10 MP: 4/4
   363 | D:1      | Reached XP level 2. HP: 15/15 MP: 1/6
   675 | D:1      | Found Toicrir's Assorted Antiques.
   826 | D:1      | Learned a level 2 spell: Blink
   829 | D:1      | Learned a level 2 spell: Call Imp
   834 | D:1      | Learned a level 2 spell: Slow
  1152 | D:1      | Reached XP level 3. HP: 19/19 MP: 6/8
  1499 | D:1      | Found a faded altar of an unknown god.
  2402 | D:2      | Reached XP level 4. HP: 24/24 MP: 1/9
  2667 | D:2      | Upgraded the game from 0.28-a0-390-gb254ac4902 to
                  | 0.28-a0-422-gd71735cc25
  2782 | D:2      | Learned a level 3 spell: Mephitic Cloud
  3705 | D:3      | Upgraded the game from 0.28-a0-422-gd71735cc25 to
                  | 0.28-a0-429-g1448048969
  3733 | D:3      | Reached skill level 4 in Spellcasting
  4109 | D:3      | Slain by a gnoll

Illustrated notes

Levels and vault maps discovered:
D:1:      dpeg_arrival_stonehenge_12_columns, layout_loops_corners,
          serial_shops, nicolae_shop_overgrown_old_shop,
          shapermc_ecumenical_altar_flowoftime
D:2:      kb_forest_paths, layout_basic, grunt_decor_one_mirror
D:3:      kennysheep_goblin_castle, layout_loops_corners,
          mainiacjoe_overflow_divided_tiny

Skill      XL: |  1  2  3  4 |
---------------+-------------+-----
Dodging        | 2 |  2.1
Conjurations   | 2 |  2.3
Spellcasting   | 4 |  4.1
Short Blades   | |  0.6
Stealth        | |  2.3
Summonings     | |  0.8
Translocations | |  0.8

Action                   |  1- 3 |  4- 6 || total
-------------------------+-------+-------++-------
Melee: Dagger            |    51 |    17 ||    68
       Short sword       |       |     4 ||     4
 Cast: Magic Dart        |    90 |    56 ||   146
       Call Imp          |       |     4 ||     4
  Use: Potion            |     4 |     1 ||     5
       Scroll            |     2 |     1 ||     3
Armor: Robe              |     7 |    13 ||    20
Dodge: Dodged            |    35 |    33 ||    68

Table legend: (Time is in decaauts)
 A = Elapsed time spent in this place.
 B = Non-inter-level travel time spent in this place.
 C = Inter-level travel time spent in this place.
 D = Time resting spent in this place.
 E = Time spent auto-exploring this place.
 F = Levels seen in this place.
 G = Mean time per level.
                   A        B        C        D        E       F      G
               +--------+--------+--------+--------+--------+-----+--------+
         Total |   4100 |   3961 |    139 |   1614 |   1623 |   3 | 1366.7 |
       Dungeon |   4100 |   3961 |    139 |   1614 |   1623 |   3 | 1366.7 |
               +--------+--------+--------+--------+--------+-----+--------+

Top non-repeatable levels by time:
     D:1: 1835 daAuts
     D:2: 1754 daAuts
     D:3: 510 daAuts
